 Dungeon Crawl Stone Soup version 0.30-a0-691-g754fce4c43 (webtiles) character file.

Game seed: 12255683839821203657

3678 PimpSugar the Magician (level 9, 0/71 HPs)
             Began as a Yellow Draconian Hedge Wizard on Jan 20, 2023.
             Was a Follower of Vehumet.
             Slain by an orc warrior
             ... wielding a +0 scimitar
              (10 damage)
             ... on level 8 of the Dungeon.
             The game lasted 00:24:18 (7872 turns).

PimpSugar the Magician (DrHW)                       Turns: 7872, Time: 00:24:18

Health: 0/71       AC: 11    Str: 13    XL:     9   Next: 90%
Magic:  27/27      EV: 13    Int: 18    God:    Vehumet [*.....]
Gold:   528        SH:  0    Dex: 11    Spells: 14/20 levels left

rFire   + . .      SeeInvis .    r - +4 lajatang (spect)
rCold   . . .      Faith    .    (shield currently unavailable)
rNeg    . . .      Spirit   .    (body armour unavailable)
rPois   .          Reflect  .    b - +0 hat
rElec   .          Harm     .    (no cloak)
rCorr   +          Rampage  .    o - +2 pair of gloves
Will    .....                    d - +0 pair of boots
Stlth   ++                       u - amulet of magic regeneration
HPRegen 0.31/turn                h - ring of protection from fire
MPRegen 0.60/turn                p - ring of magical power

@: no status effects
A: spit acid, AC +7, unfitting armour, cold-blooded, acid resistance
a: Breathe Acid, Renounce Religion


You were on level 8 of the Dungeon.
You worshipped Vehumet.
Vehumet was aware of your devotion.
You visited 2 branches of the dungeon, and saw 9 of its levels.

You collected 528 gold pieces.

Inventory:

Hand Weapons
 a - a +0 dagger
 r - a +4 spectral lajatang (weapon)
 x - a +2 hand axe of venom
 F - a +2 dagger of chaos
 G - a +1 whip of freezing
 J - a +2 glaive of draining
 K - a +0 vampiric spear
 L - a +1 spear of venom
Missiles
 i - 61 stones
 k - 4 atropa-tipped darts
 B - 9 poisoned darts
Armour
 b - a +0 hat (worn)
 d - a +0 pair of boots (worn)
 o - a +2 pair of gloves (worn)
Magical Staves
 v - a staff of air
Jewellery
 h - a ring of protection from fire (left hand)
 p - a ring of magical power (right hand)
 u - an amulet of magic regeneration (around neck)
 E - a ring of magical power
Wands
 H - a wand of quicksilver (2)
Scrolls
 f - 2 scrolls of teleportation
 g - 2 scrolls of poison
 t - 2 scrolls of enchant armour {unknown}
 w - a scroll of blinking {unknown}
 y - a scroll of noise {unknown}
 C - 2 scrolls of identify
 D - a scroll of vulnerability {unknown}
 I - a scroll of immolation {unknown}
Potions
 c - 3 potions of magic
 e - a potion of brilliance
 j - a potion of curing
 l - a potion of resistance {unknown}
 m - 2 potions of lignification
 n - a potion of cancellation {unknown}
 q - a potion of might {unknown}
 s - a potion of flight {unknown}
 z - 2 potions of degeneration
 A - 3 potions of attraction {unknown}
 M - a potion of haste {unknown}
 N - a potion of mutation {unknown}


   Skills:
 + Level 4.3 Fighting
 + Level 3.2 Staves
 + Level 4.1 Dodging
 + Level 4.4 Stealth
 * Level 6.2 Spellcasting
 * Level 5.9 Conjurations
 + Level 4.2 Summonings
 + Level 4.1 Translocations
 + Level 3.7 Air Magic
 + Level 3.5 Evocations


You had 14 spell levels left.
You knew the following spells:

 Your Spells              Type           Power      Damage    Failure   Level
a - Magic Dart            Conj           100%       1d8       1%          1
b - Call Imp              Summ           21%        N/A       3%          2
c - Kindle Blastsparks    Fire/Tloc/Air  28%        2d12      12%         3

Your spell library contained the following spells:

 Spells                   Type           Power      Damage    Failure   Level
 Shock                    Conj/Air       88%        1d8       1%          1
 Blink                    Tloc           40%        N/A       3%          2
 Mephitic Cloud           Conj/Pois/Air  17%        N/A       10%         3
 Cigotuvi's Dreadful Rot  Necr/Pois/Air  20%        N/A       11%         2
 Slow                     Hex            20%        N/A       12%         1
 Sublimation of Blood     Necr           5%         N/A       19%         2
 Ignite Poison            Fire/Tmut/Pois 5%         N/A       34%         3
 Tukima's Dance           Hex            5%         N/A       34%         3
 Freezing Cloud           Conj/Ice/Air   8%         6-21      65%         5
 Anguish                  Hex/Necr       2%         N/A       75%         4
 Leda's Liquefaction      Hex/Erth       2%         N/A       75%         4
 Agony                    Necr           5%         N/A       97%         5
 Yara's Violent Unravell  Hex/Tmut       2%         3d3       97%         5
 Discord                  Hex            2%         N/A       100%        8


Dungeon Overview and Level Annotations

Branches:
Dungeon (8/15)             Temple (1/1) D:7
   Lair: D:8-11

Altars:
Elyvilon
Fedhas
Hepliaklqana
Nemelex Xobeh
Qazlal
Ru
Sif Muna
Vehumet
Xom
Yredelemnul


Innate Abilities, Weirdness & Mutations

You can spit globs of acid.
Your golden yellow scales are hard. (AC +7)
You cannot fit into any form of body armour.
You are cold-blooded and may be slowed by cold attacks.
You are resistant to acid. (rCorr)


Message History

You barely miss the orc warrior.
The orc warrior is moderately wounded.
The orc warrior hits you with a +0 scimitar!
* * * LOW HITPOINT WARNING * * *
The orc priest barely misses you.
You closely miss the orc warrior.
The orc warrior is moderately wounded.
The orc warrior hits you but does no damage.
The orc priest hits you but does no damage.
You barely miss the orc warrior.
You tail-slap the orc warrior, but do no damage.
The orc warrior is moderately wounded.
The orc priest hits you from afar with a +0 trident.
* * * LOW HITPOINT WARNING * * *
The orc warrior hits you but does no damage. x2
The orc priest hits you from afar with a +0 trident.
* * * LOW HITPOINT WARNING * * *
Aiming: Quicksilver Bolt
Press: ? - help, Shift-Dir - straight line, f - orc priest
Aim: an orc priest, wielding a +0 trident (74% to hit)
The bolt of dispelling energy misses the orc warrior.
The bolt of dispelling energy hits the orc priest!
The orc priest is almost dead.
You hear a shout!
The orc warrior closely misses you.
The orc priest hits you but does no damage.
Aiming: Quicksilver Bolt
Press: ? - help, Shift-Dir - straight line, f/p - orc priest
Aim: an orc priest, wielding a +0 trident (almost dead, 74% to hit)
The bolt of dispelling energy hits the orc warrior!
The orc warrior is severely wounded.
The bolt of dispelling energy hits the orc priest!!
You kill the orc priest!
Vehumet accepts your kill. The orc warrior misses you.
An orc comes into view. It is wielding a +0 club.
You barely miss the orc warrior.
The orc warrior is severely wounded.
The orc warrior hits you with a +0 scimitar!
You die...

# # .#. #.# ####
#.############# ...#
#.##...........
##.###........#
#........##.## #
###########†######.#####
#....@o).....(
########o##### #


You could see an orc warrior and an orc.

Vanquished Creatures
  Pikel (D:7)
  Maggie (D:7)
  A steam dragon (D:6)
  Menkaure (D:5)
  An orc warrior (D:7)
  2 black bears
  4 ice beasts
  A sky beast (D:5)
  3 ogres
  A centaur (D:8)
  4 lemures (D:7)
  A gnoll sergeant (D:7)
  4 bullfrogs
  2 scorpions (D:6)
  3 killer bees (D:6)
  2 crimson imps (D:6)
  A jelly (D:8)
  3 hounds
  2 orc priests (D:8)
  A gnoll bouda (D:5)
  4 iguanas
  5 orc wizards
  7 adders
  11 gnolls
  A shadow imp (D:7)
  2 white imps
  An ufetubus (D:6)
  A worm (D:3)
  2 dart slugs
  16 orcs
  5 bats
  7 endoplasms
  13 giant cockroaches
  4 goblins
  5 hobgoblins
  2 jackals (D:1)
  3 quokkas
  8 ball pythons
  3 frilled lizards (D:3)
  5 kobolds
  5 rats (D:3)
149 creatures vanquished.

Vanquished Creatures (collateral kills)
  Sigmund (D:4)
  A jelly (D:4)
  Terence (D:2)
  Natasha (D:2)
  3 orcs
  A hobgoblin (D:4)
  A jackal (D:1)
  A bat (D:2)
10 creatures vanquished.

Grand Total: 159 creatures vanquished

Notes
Turn   | Place    | Note
-------+----------+-------------------------------------------
     0 | D:1      | PimpSugar the Draconian Hedge Wizard began the quest for
                  | the Orb.
     0 | D:1      | Reached XP level 1. HP: 14/14 MP: 4/4
   310 | D:1      | Reached XP level 2. HP: 19/20 MP: 4/6
   490 | D:1      | Learned a level 2 spell: Call Imp
  1040 | D:1      | Reached XP level 3. HP: 17/27 MP: 5/7
  1523 | D:2      | Reached skill level 1 in Fighting
  1669 | D:2      | Noticed Terence
  1688 | D:2      | HP: 1/28 [Terence/+0 flail (1)]
  1689 | D:2      | Killed Terence
  1690 | D:2      | Reached XP level 4. HP: 1/35 MP: 2/9
  2213 | D:2      | Noticed Natasha
  2236 | D:2      | Killed Natasha
  2747 | D:3      | Noticed a black bear
  2760 | D:3      | Killed a black bear
  2761 | D:3      | Reached XP level 5. HP: 20/41 MP: 10/10
  3326 | D:3      | Found a hazy altar of Hepliaklqana.
  3604 | D:4      | Reached XP level 6. HP: 33/48 MP: 11/11
  3725 | D:4      | Reached skill level 4 in Spellcasting
  3877 | D:4      | Noticed Sigmund
  4508 | D:4      | Found a sparkling altar of Nemelex Xobeh.
  4536 | D:4      | Killed Sigmund
  4537 | D:4      | Reached skill level 1 in Staves
  4537 | D:4      | Reached skill level 1 in Air Magic
  4537 | D:4      | Reached skill level 1 in Evocations
  4537 | D:4      | Your scales start taking on a golden yellow colour.
  4537 | D:4      | Reached XP level 7. HP: 49/56 MP: 13/13
  4537 | D:4      | Gained mutation: You are resistant to acid. (rCorr) [Yellow
                  | Draconian growth]
  4659 | D:4      | Identified a scroll of acquirement
  4660 | D:4      | Acquired the Treatise on Charmed Lamentation
  4666 | D:5      | Entered Level 5 of the Dungeon
  4970 | D:5      | Noticed Menkaure
  4973 | D:5      | Killed Menkaure
  4974 | D:5      | Reached XP level 8. HP: 62/62 MP: 15/15
  5446 | D:5      | Acquired a +4 spectral lajatang
  5499 | D:5      | Reached skill level 5 in Spellcasting
  5962 | D:6      | Found a white marble altar of Elyvilon.
  6324 | D:6      | Found a sacrificial altar of Ru.
  6429 | D:6      | Reached XP level 9. HP: 58/70 MP: 17/17
  6438 | D:6      | Reached skill level 5 in Conjurations
  6443 | D:6      | Identified the +3 leather armour of the Neverending Moons
                  | {rC+ rN+ Dex+2}
  6572 | D:6      | Found a shimmering altar of Xom.
  6813 | D:7      | Found a staircase to the Ecumenical Temple.
  6842 | Temple   | Entered the Ecumenical Temple
  6879 | Temple   | Became a worshipper of Vehumet
  6942 | D:7      | Noticed Pikel
  6955 | D:7      | Killed Pikel
  7076 | D:7      | Noticed Maggie
  7091 | D:7      | Killed Maggie
  7092 | D:7      | Reached skill level 6 in Spellcasting
  7690 | D:7      | Learned a level 3 spell: Kindle Blastsparks
  7856 | D:8      | Reached * piety under Vehumet
  7856 | D:8      | Offered knowledge of Shock by Vehumet.
  7872 | D:8      | Slain by an orc warrior

Illustrated notes

Levels and vault maps discovered:
D:1:      minmay_arrival_shoal_huts, layout_basic
D:2:      layout_loops_ring, uniq_terence, uniq_natasha
D:3:      minmay_roachtagon, layout_loops_cross, lemuel_round_altar
D:4:      layout_basic, lemuel_tele_altar, uniq_sigmund
D:5:      layout_basic, minmay_misc_feat_diagonals, uniq_menkaure
D:6:      layout_basic, mainiacjoe_overflow_paths, led_xom_imps,
          mainiacjoe_overflow_concentric_impassable
D:7:      layout_basic, minmay_temple_entry_stoned_glass,
          chequers_serial_rivers_large_a, kennysheep_generic_room_3,
          uniq_maggie, uniq_pikel
D:8:      layout_loops_ring
Temple:   bh_familiar_temple

Skill      XL: |  1  2  3  4  5  6  7  8  9 |
---------------+----------------------------+-----
Stealth        | 2 3 4 |  4.4
Dodging        | 2 3 4 |  4.1
Fighting       | 1 2 3 4 |  4.3
Conjurations   | 2 3 4 5 |  5.9
Summonings     | 2 3 4 |  4.2
Translocations | 2 3 4 |  4.1
Spellcasting   | 4 5 6 |  6.2
Staves         | 1 2 3 |  3.2
Air Magic      | 1 2 3 |  3.7
Evocations     | 1 2 3 |  3.5

Action                   |  1- 3 |  4- 6 |  7- 9 || total
-------------------------+-------+-------+-------++-------
Melee: Dagger            |   118 |    90 |       ||   208
       Tailslap          |    11 |    27 |    32 ||    70
       Staff             |       |    77 |    76 ||   153
       Punch             |       |     1 |     3 ||     4
       Lajatang          |       |       |   120 ||   120
 Cast: Magic Dart        |    43 |   105 |    49 ||   197
       Call Imp          |     7 |    18 |     9 ||    34
 Abil: Breathe Acid      |       |       |     1 ||     1
Evoke: Wand              |       |       |     2 ||     2
  Use: Scroll            |       |     3 |     7 ||    10
       Potion            |       |       |     4 ||     4
 Stab: Sleeping          |       |       |     2 ||     2
       Distracted        |       |       |     1 ||     1
Armor: Skin              |    56 |   123 |    94 ||   273
Dodge: Dodged            |   101 |   196 |   144 ||   441

Table legend: (Time is in decaauts)
 A = Elapsed time spent in this place.
 B = Non-inter-level travel time spent in this place.
 C = Inter-level travel time spent in this place.
 D = Time resting spent in this place.
 E = Time spent auto-exploring this place.
 F = Levels seen in this place.
 G = Mean time per level.
                   A        B        C        D        E       F      G
               +--------+--------+--------+--------+--------+-----+--------+
         Total |   7958 |   7453 |    505 |    341 |   5105 |   9 |  884.2 |
       Dungeon |   7901 |   7412 |    489 |    341 |   5073 |   8 |  987.6 |
        Temple |     56 |     40 |     16 |      0 |     32 |   1 |   56.0 |
               +--------+--------+--------+--------+--------+-----+--------+

Top non-repeatable levels by time:
     D:1: 1336 daAuts
     D:2: 1295 daAuts
     D:5: 1247 daAuts
     D:4: 1063 daAuts
     D:3: 1009 daAuts
     D:6: 909 daAuts
     D:7: 854 daAuts
     D:8: 186 daAuts
  Temple: 56 daAuts
